 Dungeon Crawl Stone Soup version 0.19.0-11-g3fc08b3 (webtiles) character file.

201 Dioneo the Poker (level 5, -10/41 HPs)
             Began as a Merfolk Abyssal Knight on Nov 9, 2016.
             Was a Believer of Lugonu.
             Killed by nerve-wracking pain
             ... invoked by an orc priest
              (13 damage)
             ... on level 3 of the Dungeon.
             The game lasted 00:09:20 (3224 turns).

Dioneo the Poker (Merfolk Abyssal Knight)           Turns: 3224, Time: 00:09:21

Health: -10/41     AC:  5    Str: 19    XL:     5   Next: 79%
Magic:  8/8        EV: 12    Int: 11    God:    Lugonu [**....]
Gold:   170        SH:  0    Dex: 13    Spells: 0 memorised, 4 levels left

rFire  . . .     SeeInvis .     a - +1 spear
rCold  + . .     Gourm    .     q - +1 leather armour {rC+}
rNeg   . . .     Faith    .     (no shield)
rPois  .         Spirit   .     (no helmet)
rElec  .         Reflect  .     (no cloak)
rCorr  .         Harm     .     (no gloves)
MR     .....                    d - +0 pair of boots
Stlth  ++........               (no amulet)
                                (no ring)
                                g - ring of stealth

@: mighty
A: change form in water, swift swim, stealthy swim
a: Depart the Abyss, Bend Space, Renounce Religion


You were on level 3 of the Dungeon.
You worshipped Lugonu.
Lugonu was pleased with you.
You were not hungry.

You visited 1 branch of the dungeon, and saw 3 of its levels.
You visited the Abyss 1 time.

You collected 170 gold pieces.

Inventory:

Hand Weapons
 a - a +1 spear (weapon)
Missiles
 k - 5 needles of confusion
Armour
 d - a +0 pair of boots (worn)
 q - a +1 leather armour of cold resistance (worn)
Jewellery
 g - a ring of stealth (left hand)
 i - an uncursed ring of ice
Scrolls
 b - a scroll of noise {unknown}
 f - 3 scrolls of teleportation
Potions
 e - a potion of cure mutation
 h - a potion of might
 l - a potion of haste {unknown}
 o - a potion of degeneration {unknown}
 p - a potion of mutation {unknown}
Comestibles
 c - 4 bread rations
 j - a beef jerky


   Skills:
 - Level 3.2 Fighting
 + Level 6.2 Polearms
 - Level 0.6 Armour
 - Level 2.6 Dodging
 + Level 4.7 Invocations


You had 4 spell levels left.
You didn't know any spells.

Dungeon Overview and Level Annotations

Branches:
Dungeon (3/15)

Altars:
Elyvilon
Gozag
Uskayaw
Yredelemnul


Message History

The orc closely misses you.
An orc priest comes into view. It is wielding a flail.
Attack whom?
Press: ? - help, Dir - move target cursor, f/p - orc priest
Aim: an orc priest, wielding a club and wearing a leather armour (moderately wounded)
The orc is in the way.
You hit the orc.
The orc is severely wounded.
The orc priest calls upon Beogh to heal the orc.
The orc is healed somewhat.
The orc priest mumbles some strange prayers to Beogh against you.
Pain shoots through your body!
* * * LOW HITPOINT WARNING * * *
The orc closely misses you.
Okay, then.
You puncture the orc!
You kill the orc!
Lugonu accepts your kill.
The orc priest mumbles some strange prayers to Beogh against you.
Pain shoots through your body!
You die...

. #.## #.#
#..##.#. ..
#####.####.#
#....... ..
...#.##<..#
##.###.# ..#.
#.#'######
... #.#
.o..#.......#
.... #.#
#.o......#
.....#.#
###[o....#
........
....#
#()....#
......#.
$oo.#
#@.....#
......#.
....#
#......#
......##
....#
#......# #+#
#... ....#
#......# ####
....#
#......#
....#
#......#
#o####
#.)....#
#....#
###########
###..#.# #..
...


You could see 2 orc priests.

Vanquished Creatures
  An orc wizard (D:3)
  An orc priest (D:3)
  Ijyb (D:2)
  4 adders (D:2)
  An ooze (D:2)
  A worm (D:2)
  4 leopard geckos
  5 orcs (D:3)
  2 ball pythons
  A giant cockroach (D:1)
  13 goblins
  5 hobgoblins
  4 jackals (D:2)
  6 bats
  3 frilled lizards
  5 kobolds
  4 rats
61 creatures vanquished.

Notes
Turn   | Place    | Note
-------+----------+-------------------------------------------
     0 | Abyss:1  | Dioneo the Merfolk Abyssal Knight began the quest for the Orb.
     0 | Abyss:1  | Reached XP level 1. HP: 18/18 MP: 2/2
    18 | D:1      | Escaped the Abyss
   213 | D:1      | Reached XP level 2. HP: 24/24 MP: 3/3
   499 | D:1      | Reached skill level 4 in Polearms
   584 | D:1      | Reached XP level 3. HP: 29/29 MP: 5/5
  1060 | D:2      | Reached ** piety under Lugonu
  1149 | D:2      | Reached XP level 4. HP: 34/35 MP: 6/6
  2089 | D:2      | Noticed Ijyb
  2136 | D:2      | Killed Ijyb
  2136 | D:2      | Reached skill level 5 in Polearms
  2293 | D:2      | Reached XP level 5. HP: 41/41 MP: 8/8
  2596 | D:3      | Found an opulent altar of Gozag.
  2699 | D:3      | Found a white marble altar of Elyvilon.
  2715 | D:3      | Found a hide-covered altar of Uskayaw.
  2717 | D:3      | Found a basalt altar of Yredelemnul.
  2739 | D:3      | Noticed an ogre
  3197 | D:3      | Reached skill level 6 in Polearms
  3224 | D:3      | Killed from afar by an orc priest

Skill      XL: |  1  2  3  4  5 |
---------------+----------------+-----
Polearms       | 4 5 6 |  6.2
Invocations    | 3 4 |  4.7
Fighting       | |  3.2
Armour         | |  0.6
Dodging        | |  2.6

Action                   |  1- 3 |  4- 6 || total
-------------------------+-------+-------++-------
Melee: Spear             |    89 |   149 ||   238
Invok: Bend Space        |       |     4 ||     4
  Use: Scroll            |     5 |     2 ||     7
       Potion            |     2 |     2 ||     4
 Stab: Sleeping          |       |     3 ||     3
  Eat: Chunk             |       |     7 ||     7
Armor: Leather armour    |    18 |    18 ||    36
       Ring mail         |       |    21 ||    21
Dodge: Dodged            |    38 |    69 ||   107
